 Dungeon Crawl Stone Soup version 0.17-a0-1399-gd5b76e1 (webtiles) character file.

8871 RobertPalmer the Bludgeoner (level 11, 13/100 HPs)
             Began as an Ogre Chaos Knight on June 18, 2015.
             Quit the game on level 12 of the Dungeon.
             The game lasted 00:37:47 (13667 turns).

RobertPalmer the Bludgeoner (Ogre Chaos Knight)    Turns: 13667, Time: 00:37:48

Health: 13/100     AC:  5    Str: 19    XL:     11   Next: 37%
Magic:  11/11      EV: 19    Int: 11    God:    Xom [...*..]
Gold:   604        SH:  0    Dex: 12    Spells: 0 memorised, 10 levels left

rFire  . . .     SeeInvis .     a - +0 giant club
rCold  . . .     Clarity  .     n - troll hide {regen}
rNeg   . . .     SustAt   .     (no shield)
rPois  .         Gourm    .     (helmet restricted)
rElec  .         Spirit   .     (no cloak)
rCorr  .         Warding  .     (gloves unavailable)
rMut   .         Stasis   .     (boots unavailable)
MR     +....                    (no amulet)
Stlth  +.........               p - +4 ring of evasion
                                s - +2 ring of protection

@: very slightly contaminated, hasted, very quick, somewhat resistant to hostile
enchantments, very unstealthy
A: unfitting armour, antennae 1, blurry vision 1, tough skin 1
a: Renounce Religion


You were on level 12 of the Dungeon.
You worshipped Xom.
You were a favourite toy of Xom.
You were hungry.

You visited 1 branch of the dungeon, and saw 13 of its levels.
You also visited: Ossuary.

You collected 604 gold pieces.

Inventory:

Hand weapons
 a - a +0 giant club (weapon)
   (You took it off an ogre on level 6 of the Dungeon)
 b - a +2 giant spiked club
   (You took it off an ogre on level 4 of the Dungeon)
Armour
 n - a troll hide (worn) {regen}
   (You found it on level 11 of the Dungeon)
Jewellery
 e - an uncursed ring of protection from magic {MR+, !d}
   (You found it on level 1 of the Dungeon)
 k - a cursed ring of teleportation {+/*tele, !d}
   (You found it on level 1 of the Dungeon)
 m - an uncursed ring of poison resistance {rPois, !d}
   (You found it on level 1 of the Dungeon)
 p - a +4 ring of evasion (right hand)
   (You found it on level 2 of the Dungeon)
 s - a +2 ring of protection (left hand)
   (You found it on level 3 of the Dungeon)
 B - a cursed ring of protection from cold {rC+, !d}
   (You found it on level 5 of the Dungeon)
Magical devices
 l - a wand of confusion (24)
   (You found it on level 8 of the Dungeon)
 r - a wand of paralysis (3)
   (You found it on level 11 of the Dungeon)
 y - a wand of slowing (30)
   (You found it on level 11 of the Dungeon)
Scrolls
 d - a scroll of fog
 h - 9 scrolls of remove curse
 i - 3 scrolls of identify
 t - a scroll of immolation {!r}
 F - a scroll of amnesia
 L - a scroll of enchant weapon
 P - a scroll of magic mapping {!r}
Potions
 f - 2 potions of flight
 E - a potion of might
Books
 j - a book of Beasts
   (You found it on level 12 of the Dungeon)
 A - a book of Minor Magic
   (You found it on level 7 of the Dungeon)
 I - a book of Maledictions
   (You found it on level 8 of the Dungeon)
 M - a book of Envenomations
   (You found it on level 9 of the Dungeon)
Comestibles
 c - 10 bread rations {@e1}
 g - 6 meat rations {@e2}
 o - a royal jelly
 v - 24 fruits
 H - 2 slices of pizza


   Skills:
 - Level 4.0 Fighting
 - Level 15.6 Maces & Flails
 + Level 11.3 Dodging


You had 10 spell levels left.
You didn't know any spells.

Dungeon Overview and Level Annotations

Branches:
Dungeon (13/15)            Temple (0/1) D:7            Lair (0/8) D:10
    Orc: D:9-12      Vaults: D:13-14

Altars:
Ashenzari
Cheibriados
Dithmenos
Elyvilon
Gozag
Kikubaaqudgha
Okawaru
Ru
Sif Muna
Trog
Vehumet
Yredelemnul
Zin
The Shining One

Shops:
D:7 %


Innate Abilities, Weirdness & Mutations

You are too large for most types of armour.
You have tough skin (AC +1).
You have a pair of small antennae on your head.
Scrolls take you a little longer to read.


Message History

Okay, then.
You closely miss the ice dragon.
Xom titters.
You are confused.
The ice dragon looks rather confused.
The ice dragon is engulfed in roaring flames.
The ice dragon is engulfed in roaring flames.
You are feeling hungry.
Unknown command.
Unknown command.
The ice dragon is engulfed in roaring flames.
You feel less confused.
You hit the ice dragon but do no damage.
Drink which item? (? for menu, Esc to quit)
You feel better.
The ice dragon seems less confused.
The ice dragon bites you!!
* * * LOW HITPOINT WARNING * * *
The ice dragon closely misses you. x2
You take 7 damage, and have 25/100 hp.
You hit the ice dragon but do no damage.
You barely miss the ice dragon. "Get over here!"
The ice dragon blinks!
Aim: an ice dragon (almost dead, unusually strong, chance to defeat MR: 28%)
The ice dragon appears confused.
This wand has 24 charges left.
You hit the ice beast. The ice beast barely misses you.
You hit the ice beast. The ice beast completely misses you.
You barely miss the ice beast. The ice beast closely misses you.
You closely miss the ice beast. You closely miss the ice beast.
The ice beast completely misses you.
You bludgeon the ice beast!!
The ice beast hits you but does no damage.
You hit the ice beast. The ice beast closely misses you.
You bludgeon the ice beast!!
You kill the ice beast!
The four-headed hydra roars!
The four-headed hydra bites you. x4
* * * LOW HITPOINT WARNING * * *
You take 10 damage, and have 29/100 hp.
Unknown command.
Xom opens a gate.
Your magical contamination has completely faded away.
The ice dragon breathes frost at you. The blast of cold hits your shadow imp.
Your shadow imp resists.
Your shadow imp dies!
What do you say? t - Shout!
Orders for allies: a - Attack new target. p - Attack previous target. r - Retreat! s - Stop attacking. w - Wait here. f - Follow me.
Anything else - Stay silent.
Okay, then.
Xom's power touches on a nearby monster.
The four-headed hydra evaporates and reforms as an emperor scorpion!
You are now a beloved toy of Xom.
The eight-headed hydra roars!
Some of the chunks of flesh in your inventory have rotted away. "Hum-dee-hum-dee-hum..."
The eight-headed hydra evaporates and reforms as a minotaur!
All of the chunks of flesh in your inventory have rotted away. "This might be better!"
You swap places with the emperor scorpion.
You are now a favourite toy of Xom.
Unknown command.
Read which item? (? for menu, Esc to quit)
Okay, then.
Drink which item? (? for menu, Esc to quit)
You feel yourself speed up. The minotaur hits you!! The minotaur gores you.
* * * LOW HITPOINT WARNING * * *
You are very lightly contaminated with residual magic.
You take 32 damage, and have 25/100 hp.
MASSIVE DAMAGE!!
Remove which piece of jewellery? (? for menu, Esc to quit)
Okay, then.
Okay, then.
Unknown command.
You hit the emperor scorpion. The emperor scorpion stings you.
* * * LOW HITPOINT WARNING * * *
The emperor scorpion misses you. The emperor scorpion claws you!
* * * LOW HITPOINT WARNING * * *
The minotaur misses you. The minotaur gores you.
* * * LOW HITPOINT WARNING * * *
You take 19 damage, and have 6/100 hp.
Unknown command.
You hit the minotaur but do no damage.
The emperor scorpion completely misses you.
The emperor scorpion closely misses you.
The emperor scorpion completely misses you.
The minotaur hits you.
* * * LOW HITPOINT WARNING * * *
The minotaur gores you.
You die... "That's my toy, go get your own!"
Xom revives you!
You regained 7 hp, and now have 13/100 hp.
Unknown command.
Read which item? (? for menu, Esc to quit)
Okay, then.
Drink which item? (? for menu, Esc to quit)
Okay, then.

#..#..)..# ......
#..#.###.####......
#....# #./....%?...
##.#.###.########..
#.#.<<..# #.
#.###.### #. #D#
#.###########. #H#
#.........D...
#@################
#.s..........D....
##################


You could see an emperor scorpion, an ice dragon and a minotaur.

Vanquished Creatures
  2 hill giants (D:11)
  A troll (D:11)
  Grinder (D:5)
  Sigmund (D:5)
  A wyvern (D:9)
  2 wraiths (D:8)
  6 yaks
  A spatial vortex (D:11)
  A hippogriff (D:11)
  5 orc warriors
  A phantom (D:6)
  5 ice beasts
  5 sky beasts
  5 wasps
  3 crocodiles
  4 ogres
  2 necrophages
  2 centaurs
  A gnoll sergeant (D:8)
  A wyvern zombie (D:9)
  3 giant frogs
  A water moccasin zombie (D:9)
  A killer bee (shapeshifter) (D:6)
  4 killer bees (D:7)
  An electric eel (D:8)
  2 scorpions
  10 wights (D:6)
  4 hounds
  An orc priest (D:6)
  2 giant frog zombies
  A jelly (D:7)
  3 human zombies (D:8)
  3 giant frog skeletons
  6 orc wizards
  A human skeleton (D:8)
  2 centaur skeletons
  5 worker ants
  A gnoll shaman (D:8)
  3 sheep
  An ogre zombie (D:8)
  A big kobold zombie (Ossuary)
  7 mummies
  7 adders
  13 gnolls
  3 shadow imps
  An ooze (D:3)
  A worm zombie (D:8)
  2 adder zombies
  2 adder skeletons
  3 worms
  29 orcs
  2 bat skeletons
  8 giant cockroaches
  15 goblins
  19 hobgoblins
  A jackal (shapeshifter) (D:1)
  2 jackals (D:11)
  20 kobolds
  3 quokkas
  A ball python (D:4)
  16 bats
  6 giant geckos
  A giant gecko skeleton (D:6)
  5 giant newts
  A goblin zombie (Ossuary)
  5 hobgoblin zombies (Ossuary)
  A jackal skeleton (D:7)
  3 kobold zombies (Ossuary)
  A quokka skeleton (D:4)
  3 quokka zombies (Ossuary)
  17 rats
  4 rat zombies (Ossuary)
308 creatures vanquished.

Vanquished Creatures (collateral kills)
  A troll (D:11)
  2 yaks (D:9)
  A spriggan (D:8)
  A spatial vortex (D:11)
  A killer bee (D:7)
  A wight (D:6)
  A crimson imp (D:8)
  An orc wizard (D:8)
  3 orc priests
  An iguana (D:11)
  A worker ant (D:8)
  3 gnolls (D:8)
  6 orcs
  A quokka (D:11)
24 creatures vanquished.

Vanquished Creatures (others)
  A wasp (D:8)
  A big kobold (D:10)
  2 adders (D:2)
  An orc (D:8)
  A hobgoblin (D:8)
6 creatures vanquished.

Grand Total: 338 creatures vanquished

Notes
Turn   | Place    | Note
--------------------------------------------------------------
     0 | D:1      | RobertPalmer the Ogre Chaos Knight began the quest for the Orb.
     0 | D:1      | Reached XP level 1. HP: 24/24 MP: 1/1
   150 | D:1      | Reached XP level 2. HP: 24/32 MP: 2/2
   251 | D:1      | XOM: divination: detect items
   441 | D:1      | Reached skill level 5 in Maces & Flails
   482 | D:1      | XOM: harmless Fire miscast
   658 | D:1      | XOM: divination: detect items
   709 | D:1      | XOM: divination: detect creatures
   715 | D:1      | Reached XP level 3. HP: 37/39 MP: 3/3
   947 | D:1      | XOM: noise
  1202 | D:2      | XOM: 2-stop teleportation journey
  1220 | D:2      | Reached skill level 6 in Maces & Flails
  1241 | D:2      | HP: 9/39 [poisoned by an adder]
  1536 | D:2      | Found a radiant altar of Vehumet.
  1726 | D:3      | Reached XP level 4. HP: 43/48 MP: 4/4
  1729 | D:2      | XOM: summons 3 friendly demons
  1996 | D:3      | XOM: vitrification
  2045 | D:3      | Reached skill level 7 in Maces & Flails
  2048 | D:3      | Reached XP level 5. HP: 52/54 MP: 5/5
  2115 | D:3      | XOM: give mutations
  2115 | D:3      | Gained mutation: You can spit weak poison. [Xom's mischief]
  2115 | D:3      | Lost mutation: You can spit weak poison. [Xom's mischief]
  2115 | D:3      | Gained mutation: Scrolls take you a little longer to read. [Xom's mischief]
  2260 | D:3      | XOM: mild Necr miscast
  2393 | D:3      | Noticed a giant frog
  2421 | D:3      | XOM: 1-stop teleportation journey
  2424 | D:3      | XOM: potion effect (haste)
  2430 | D:3      | Killed a giant frog
  2430 | D:3      | Reached skill level 8 in Maces & Flails
  2457 | D:3      | XOM: summons 2 hostile demons
  2458 | D:3      | Noticed a soul eater
  2460 | D:3      | XOM: confusion
  2489 | D:3      | Found a deep blue altar of Sif Muna.
  2846 | D:3      | XOM: medium Divn miscast
  2906 | D:3      | XOM: medium Erth miscast
  2947 | D:3      | XOM: harmless Necr miscast
  3358 | D:3      | Reached XP level 6. HP: 53/62 MP: 6/6
  3510 | D:3      | Found an opulent altar of Gozag.
  3554 | D:4      | Found a shadowy altar of Dithmenos.
  3580 | D:4      | Reached skill level 9 in Maces & Flails
  3607 | D:4      | XOM: give mutations
  3607 | D:4      | Gained mutation: Your body sometimes deteriorates upon taking damage. [Xom's mischief]
  3607 | D:4      | Gained mutation: You are clumsy. (Dex -2) [Xom's mischief]
  3607 | D:4      | Gained mutation: You are dopey. (Int -2) [Xom's mischief]
  3607 | D:4      | Gained mutation: Your body often deteriorates upon taking damage. [Xom's mischief]
  3635 | D:4      | Found a glowing golden altar of the Shining One.
  3907 | D:4      | XOM: polymorph iguana -> wasp
  3946 | D:4      | XOM: give mutations
  3946 | D:4      | Lost mutation: You are dopey. (Int -2) [Xom's mischief]
  3946 | D:4      | Gained mutation: Scrolls take you longer to read. [Xom's mischief]
  3946 | D:4      | Lost mutation: Your body often deteriorates upon taking damage. [Xom's mischief]
  4103 | D:4      | Found a snail-covered altar of Cheibriados.
  4266 | D:4      | Reached skill level 10 in Maces & Flails
  4266 | D:4      | Reached XP level 7. HP: 62/70 MP: 7/7
  4451 | D:4      | XOM: harmless Conj miscast
  4795 | D:4      | XOM: colour smoke trail
  4925 | D:5      | Entered Level 5 of the Dungeon
  4952 | D:5      | Noticed Grinder
  4961 | D:5      | Paralysed by Grinder for 7 turns
  4986 | D:5      | XOM: confuse monster(s)
  4999 | D:5      | Killed Grinder
  4999 | D:5      | Reached skill level 11 in Maces & Flails
  5048 | D:5      | Noticed Sigmund
  5419 | D:5      | Reached XP level 8. HP: 67/78 MP: 8/8
  5448 | D:5      | Found a glowing silver altar of Zin.
  5490 | D:5      | Reached skill level 12 in Maces & Flails
  5508 | D:5      | XOM: 4-stop teleportation journey
  5509 | D:5      | XOM: 2-stop teleportation journey
  5601 | D:5      | XOM: noise
  5630 | D:5      | XOM: 2-stop teleportation journey
  5690 | D:5      | Killed Sigmund
  5733 | D:5      | XOM: god gift: ivory wand {god gift}
  5765 | D:5      | XOM: mild Hex miscast
  6007 | D:5      | Reached skill level 13 in Maces & Flails
  6058 | D:5      | XOM: colour smoke trail
  6149 | D:6      | XOM: divination: detect items
  6185 | D:6      | XOM: cast spell 'Stoneskin'
  6190 | D:6      | XOM: summons friendly quasit
  6250 | D:6      | Reached skill level 14 in Maces & Flails
  6275 | D:6      | Found a bloodstained altar of Trog.
  6286 | D:5      | HP: 19/78 [poisoned by an orc wizard]
  6292 | D:5      | HP: 15/78 [poisoned by an orc wizard]
  6297 | D:5      | HP: 13/78 [poisoned by an orc wizard]
  6303 | D:5      | HP: 11/78 [poisoned by an orc wizard]
  6309 | D:5      | HP: 10/78 [poisoned by an orc wizard]
  6316 | D:5      | HP: 9/78 [poisoned by an orc wizard]
  6321 | D:5      | HP: 9/78 [poisoned by an orc wizard]
  6327 | D:5      | HP: 8/78 [poisoned by an orc wizard]
  6335 | D:5      | HP: 8/78 [poisoned by an orc wizard]
  6568 | D:5      | XOM: silly message
  6679 | D:6      | Reached XP level 9. HP: 82/84 MP: 9/9
  6769 | D:6      | XOM: mild Erth miscast
  6969 | D:6      | Found a bloodstained altar of Trog.
  7264 | D:6      | XOM: scenery: 1 doors open
  7291 | D:6      | Reached skill level 15 in Maces & Flails
  7308 | D:6      | XOM: enchant monster (good)
  7348 | D:6      | XOM: cast spell 'Blink'
  7445 | D:6      | Found a shattered altar of Ashenzari.
  7456 | D:6      | XOM: cast spell 'Spider Form'
  7697 | D:6      | XOM: confuse monster(s)
  7835 | D:7      | Found a staircase to the Ecumenical Temple.
  7855 | D:7      | XOM: silly message
  7863 | D:7      | Found an iron altar of Okawaru.
  7872 | D:7      | Reached skill level 3 in Dodging
  7873 | D:7      | XOM: potion effect (berserk rage)
  7993 | D:7      | XOM: noise
  8046 | D:7      | Found Haij's Food Shop.
  8119 | D:7      | Found a sacrificial altar of Ru.
  8172 | D:7      | Found a white marble altar of Elyvilon.
  8179 | D:7      | XOM: stat loss: -1 Dex (9/10)
  8222 | D:7      | Reached skill level 4 in Dodging
  8376 | D:7      | XOM: severe Trmt miscast
  8662 | D:7      | XOM: noise
  8767 | D:8      | XOM: blink monster(s)
  8768 | D:8      | XOM: destruction
  8781 | D:8      | Found a sand-covered staircase.
  8790 | Ossuary  | Entered an ossuary
  8976 | Ossuary  | XOM: silly message
  8991 | D:8      | XOM: noise
  8992 | D:8      | XOM: cast spell 'Excruciating Wounds'
  8998 | D:8      | XOM: swap monsters
  9013 | D:8      | XOM: chaos upgrade
  9147 | D:8      | XOM: silly message
  9184 | D:8      | Reached skill level 5 in Dodging
  9203 | D:8      | Reached XP level 10. HP: 59/92 MP: 10/10
  9261 | D:8      | XOM: mild Necr miscast
  9593 | D:8      | XOM: enchant monster (good)
  9629 | D:8      | Reached skill level 6 in Dodging
  9656 | D:8      | XOM: harmless Chrm miscast
  9671 | D:8      | Found a basalt altar of Yredelemnul.
  9712 | D:8      | XOM: confusion
  9730 | D:8      | XOM: summons 1 hostile demon
  9820 | D:8      | Reached skill level 7 in Dodging
 10172 | D:8      | XOM: medium Conj miscast
 10290 | D:8      | XOM: colour smoke trail
 10381 | D:8      | XOM: medium Pois miscast
 10423 | D:7      | XOM: summons 9 friendly demons
 10528 | D:8      | XOM: give mutation
 10528 | D:8      | Lost mutation: Scrolls take you longer to read. [Xom's mischief]
 10774 | D:9      | XOM: give mutations
 10774 | D:9      | Gained mutation: You have sharp toenails. [Xom's mischief]
 10774 | D:9      | Lost mutation: You are clumsy. (Dex -2) [Xom's mischief]
 10774 | D:9      | Gained mutation: You tend to lose your temper in combat. [Xom's mischief]
 10774 | D:9      | Gained mutation: You are frail (-10% HP). [Xom's mischief]
 10792 | D:9      | XOM: 5-stop teleportation journey
 11015 | D:9      | Reached skill level 8 in Dodging
 11273 | D:9      | Found an ancient bone altar of Kikubaaqudgha.
 11404 | D:9      | XOM: chaos cloud
 11423 | D:9      | XOM: 3-stop teleportation journey
 11497 | D:9      | XOM: fog
 11514 | D:9      | XOM: cast spell 'Discord'
 11543 | D:9      | HP: 16/82 [yak (12)]
 11859 | D:10     | Entered Level 10 of the Dungeon
 11939 | D:10     | HP: 20/81 [something (1)]
 12150 | D:11     | XOM: confusion
 12178 | D:11     | Gained mutation: You have a pair of small antennae on your head. [potion of beneficial mutation]
 12182 | D:11     | Lost mutation: Your body sometimes deteriorates upon taking damage. [potion of cure mutation]
 12182 | D:11     | Lost mutation: You are frail (-10% HP). [potion of cure mutation]
 12182 | D:11     | Lost mutation: You have sharp toenails. [potion of cure mutation]
 12182 | D:11     | Lost mutation: You tend to lose your temper in combat. [potion of cure mutation]
 12187 | D:11     | Noticed a hill giant
 12229 | D:11     | XOM: mild Tloc miscast
 12264 | D:10     | Reached skill level 9 in Dodging
 12313 | D:10     | XOM: noise
 12331 | D:10     | XOM: enchant monster (good)
 12334 | D:10     | Found a staircase to the Lair.
 12334 | D:10     | Noticed a hill giant
 12340 | D:10     | Noticed an elephant
 12343 | D:10     | XOM: silly message
 12362 | D:11     | XOM: noise
 12364 | D:11     | Killed a hill giant
 12429 | D:11     | Reached skill level 10 in Dodging
 12429 | D:11     | Reached XP level 11. HP: 92/99 MP: 11/11
 12431 | D:11     | XOM: cast spell 'Metabolic Englaciation'
 12434 | D:11     | XOM: enchant monster (good)
 12438 | D:11     | XOM: noise
 12474 | D:11     | XOM: mild Ice miscast
 12653 | D:11     | Noticed a hill giant
 12659 | D:11     | Killed a hill giant
 12668 | D:11     | XOM: medium Tloc miscast
 12808 | D:11     | Reached skill level 11 in Dodging
 12877 | D:11     | XOM: harmless Erth miscast
 12932 | D:11     | XOM: summons 5 hostile shadow creatures
 13099 | D:12     | XOM: silly message
 13169 | D:12     | Noticed an eight-headed hydra
 13195 | D:12     | XOM is BORED!
 13195 | D:12     | Noticed an eight-headed hydra
 13195 | D:12     | a slime creature changed into an eight-headed hydra
 13195 | D:12     | XOM: polymorph slime creature -> eight-headed hydra
 13201 | D:12     | XOM: summons friendly ufetubus
 13215 | D:12     | XOM: chaos cloud
 13220 | D:12     | XOM: enchant monster (bad)
 13224 | D:12     | Noticed an ice dragon
 13273 | D:12     | Noticed a four-headed hydra
 13404 | D:12     | XOM: confusion (+ monsters)
 13444 | D:12     | XOM: medium Fire miscast
 13573 | D:12     | Paralysed by a wasp for 2 turns
 13583 | D:12     | XOM: enchant monster (bad)
 13588 | D:12     | XOM: confusion (+ monsters)
 13596 | D:12     | HP: 25/100 [ice dragon (19)]
 13598 | D:12     | XOM: blink monster(s)
 13622 | D:12     | XOM: summons friendly shadow imp
 13635 | D:12     | Noticed an emperor scorpion
 13635 | D:12     | a four-headed hydra changed into an emperor scorpion
 13635 | D:12     | XOM: polymorph four-headed hydra -> emperor scorpion
 13650 | D:12     | Noticed a minotaur
 13650 | D:12     | an eight-headed hydra changed into a minotaur
 13650 | D:12     | XOM: polymorph eight-headed hydra -> minotaur
 13663 | D:12     | XOM: swap monsters
 13664 | D:12     | HP: 25/100 [minotaur (6)]
 13665 | D:12     | HP: 8/100 [emperor scorpion (11)]
 13666 | D:12     | HP: 1/100 [minotaur (5)]
 13666 | D:12     | Xom revived you
 13667 | D:12     | Quit the game

Vault maps used:
D:1:      dpeg_arrival_three_smaller_balls
D:2:      fiery_altar_vehumet
D:3:      lemuel_coloured_pillars_altar, lemuel_blue_sif_altar, st_stairs_9
D:4:      lemuel_crystal_altar, nicolae_dithmenos_shadow_blocks,
          kennysheep_mini, serial_bayou, serial_bayou_shore_a,
          serial_bayou_pond_a, serial_bayou_lake_a, serial_bayou_ford_a
D:5:      zin_treasury, first_bread, uniq_grinder, uniq_sigmund
D:6:      kennysheep_mini_moat, kennysheep_little_box, trog_butcher_becter
D:7:      okawaru_ov_weapons_minmay, lemuel_doored_altar, lemuel_crystal_altar,
          minmay_temple_entry_large_hall, serial_shops, shop_fountains
D:8:      lemuel_mausoleum_altar_yredelemnul, enter_ossuary_3, grunt_pizzeria,
          minivault_4, bh_chokoban
D:9:      kiku_gazebo_pond_becter
D:10:     david_lair_generic
D:12:     david_orc_4, minmay_brainsmasher, uniq_maurice
D:13:     david_vaults_4
Ossuary:  ossuary_minmay_chase

Action                   |  1- 3 |  4- 6 |  7- 9 | 10-12 || total
-------------------------+-------+-------+-------+-------++-------
Melee: Mace              |   123 |   167 |   304 |       ||   594
       Giant club        |       |       |   102 |   399 ||   501
       Giant spiked club |       |       |    25 |       ||    25
       Unarmed           |       |       |     2 |       ||     2
Evoke: Wand              |       |       |     2 |    13 ||    15
  Use: Scroll            |     1 |     5 |    15 |     6 ||    27
       Potion            |       |     5 |    11 |    15 ||    31
 Stab: Sleeping          |     1 |       |       |       ||     1
       Petrifying        |       |     1 |     2 |     1 ||     4
       Paralysed         |       |     6 |     8 |     2 ||    16
       Confused          |       |       |     2 |     1 ||     3
       Distracted        |       |       |       |     1 ||     1
       Invisible         |       |       |       |     8 ||     8
  Eat: Chunk             |     3 |     8 |     8 |     7 ||    26
       Beef jerky        |       |       |     2 |     1 ||     3
       Royal jelly       |       |       |     2 |       ||     2
       Pizza             |       |       |     2 |     6 ||     8

Vault maps used:
D:1:      dpeg_arrival_three_smaller_balls
D:2:      fiery_altar_vehumet
D:3:      lemuel_coloured_pillars_altar, lemuel_blue_sif_altar, st_stairs_9
D:4:      lemuel_crystal_altar, nicolae_dithmenos_shadow_blocks,
          kennysheep_mini, serial_bayou, serial_bayou_shore_a,
          serial_bayou_pond_a, serial_bayou_lake_a, serial_bayou_ford_a
D:5:      zin_treasury, first_bread, uniq_grinder, uniq_sigmund
D:6:      kennysheep_mini_moat, kennysheep_little_box, trog_butcher_becter
D:7:      okawaru_ov_weapons_minmay, lemuel_doored_altar, lemuel_crystal_altar,
          minmay_temple_entry_large_hall, serial_shops, shop_fountains
D:8:      lemuel_mausoleum_altar_yredelemnul, enter_ossuary_3, grunt_pizzeria,
          minivault_4, bh_chokoban
D:9:      kiku_gazebo_pond_becter
D:10:     david_lair_generic
D:12:     david_orc_4, minmay_brainsmasher, uniq_maurice
D:13:     david_vaults_4
Ossuary:  ossuary_minmay_chase

Table legend:
 A = Turns spent in this place as a percentage of turns spent in the entire game.
 B = Non-inter-level travel turns spent in this place as a percentage of non-inter-level travel turns spent in the entire game.
 C = Inter-level travel turns spent in this place as a percentage of turns spent in this place.
 D = Turns resting spent in this place as a percentage of non-inter-level travel turns spent in this place.
 E = Turns spent auto-exploring this place as a percentage of non-inter-level travel turns spent in this place.
 F = Non-inter-level travel turns spent in this place divided by the number of levels of this place that you've seen.
                   A       B       C       D       E      F
               +-------+-------+-------+-------+-------+----------------------
         Total | 100.0 | 100.0 |   0.3 |   2.8 |   6.4 | 368.4
       Dungeon |  96.9 |  96.9 |   0.3 |   2.8 |   6.6 | 384.2
       Ossuary |   3.1 |   3.1 |   0.0 |   2.5 |   0.0 | 162.0
               +-------+-------+-------+-------+-------+----------------------

Table legend:
 A = Kills in this place as a percentage of kills in entire the game.
 B = Kills by you in this place as a percentage of kills by you in the entire game.
 C = Kills by friends in this place as a percentage of kills by friends in the entire game.
 D = Other kills in this place as a percentage of other kills in the entire game.
 E = Experience gained in this place as a percentage of experience gained in the entire game.
 F = Experience gained in this place divided by the number of levels of this place that you have seen.
                   A       B       C       D       E      F
               +-------+-------+-------+-------+-------+----------------------
         Total | 100.0 | 100.0 | 100.0 |  -nan | 100.0 | 905.3
       Dungeon |  93.6 |  93.2 | 100.0 |  -nan |  99.2 | 967.2
       Ossuary |   6.4 |   6.8 |   0.0 |  -nan |   0.8 | 101.0
               +-------+-------+-------+-------+-------+----------------------
